 Dungeon Crawl Stone Soup version 0.25-a0-86-ga6f17ae7d4 (webtiles) character file.

Game seed: 15705248716446595011, levelgen mode: deterministic

42 D1HalberdGnoll the Poker (level 3, -1/28 HPs)
             Began as a Merfolk Skald on Nov 9, 2019.
             Slain by Jessica
             ... wielding a +2 dagger of protection
              (3 damage)
             ... on level 2 of the Dungeon.
             The game lasted 00:01:15 (1154 turns).

D1HalberdGnoll the Poker (Merfolk Skald)            Turns: 1154, Time: 00:01:16

Health: -1/28      AC:  3    Str: 12    XL:     3   Next: 56%
Magic:  3/6        EV: 13    Int: 12    God:
Gold:   0          SH:  0    Dex: 13    Spells: 5/6 levels left

rFire    . . .     SeeInvis .   a - +0 spear
rCold    . . .     Gourm    .   (no shield)
rNeg     . . .     Faith    .   b - +0 leather armour
rPois    .         Spirit   .   (no helmet)
rElec    .         Reflect  .   (no cloak)
rCorr    .         Harm     .   (no gloves)
MR       .....                  (no boots)
Stlth    +.........             (no amulet)
HPRegen  0.09/turn              (no ring)
MPRegen  0.10/turn              (no ring)

@: no status effects
A: change form in water, swift swim, stealthy swim
a: no special abilities


You were on level 2 of the Dungeon.
You were not hungry.

You visited 1 branch of the dungeon, and saw 2 of its levels.

Inventory:

Hand Weapons
 a - a +0 spear (weapon)
Missiles
 k - 16 poisoned darts (quivered)
Armour
 b - a +0 leather armour (worn)
Jewellery
 j - an uncursed amulet of harm {unknown}
Scrolls
 g - a scroll of remove curse {unknown}
 i - a scroll of identify {unknown}
 l - a scroll of amnesia {unknown}
Potions
 c - a potion of degeneration {unknown}
 e - a potion of flight {unknown}
 f - a potion of curing
 h - a potion of haste {unknown}
Comestibles
 d - a ration


   Skills:
 + Level 2.8 Fighting
 * Level 4.5 Polearms
 - Level 0.6 Armour
 + Level 3.4 Dodging
 - Level 2.0 Spellcasting
 - Level 3.2 Charms


You had 5 spell levels left.
You knew the following spells:

 Your Spells              Type           Power        Failure   Level  Hunger
a - Infusion              Chrm           #...         9%          1    ##.....

Your spell library contained the following spells:

 Spells                   Type           Power        Failure   Level  Hunger
 Song of Slaying          Chrm           #.......     14%         2    ###....
 Shroud of Golubria       Chrm/Tloc      #.....       26%         2    ###....
 Regeneration             Chrm/Necr      #.........   47%         3    ####...
 Spectral Weapon          Hex/Chrm       #.......     47%         3    ####...


Dungeon Overview and Level Annotations

Branches:
Dungeon (2/15)

Altars:

Annotations:
D:2 Jessica


Message History

Found 13 gold pieces.
Attack whom?
Press: ? - help, Dir - move target cursor, f/p - Jessica
Aim: Jessica, wielding a +2 dagger of protection and wearing a +0 robe (severely wounded)
You reach to attack!
You barely miss Jessica.
Jessica is severely wounded.
Attack whom?
Press: ? - help, Dir - move target cursor, f/p - Jessica
Aim: Jessica, wielding a +2 dagger of protection and wearing a +0 robe (severely wounded)
You barely miss Jessica.
Jessica is severely wounded.
Jessica hits you with a +2 dagger of protection.
* * * LOW HITPOINT WARNING * * *
Attack whom?
Press: ? - help, Dir - move target cursor, f/p - Jessica
Aim: Jessica, wielding a +2 dagger of protection and wearing a +0 robe (severely wounded)
You hit Jessica but do no damage.
Jessica is severely wounded.
Jessica hits you with a +2 dagger of protection.
You die...

$###... .......
.#..... ...8...
#..8.. ##8..8
#########
.#....Z######......P#
.?....@@...?..##....#
...#.#.#########P...#
..# #....####
#.######### ##......#
#.........# #........
#.#######.###.#####.#
#.....#####.#
####.......†.
#.######.#


You could see Jessica and a ball python skeleton.

Vanquished Creatures
  An adder (D:1)
  A worm (D:1)
  4 dart slugs (D:1)
  A leopard gecko (D:1)
  A bat (D:1)
  A giant cockroach (D:1)
  2 goblins (D:1)
  3 jackals
  A kobold (D:1)
  A frilled lizard (D:1)
  A jackal skeleton (D:2)
  A leopard gecko skeleton (D:2)
  4 rats
22 creatures vanquished.

Notes
Turn   | Place    | Note
-------+----------+-------------------------------------------
     0 | D:1      | D1HalberdGnoll the Merfolk Skald began the quest for the
                  | Orb.
     0 | D:1      | Reached XP level 1. HP: 16/16 MP: 3/3
   259 | D:1      | Reached XP level 2. HP: 23/23 MP: 5/5
   722 | D:1      | Reached skill level 4 in Polearms
   953 | D:1      | Reached XP level 3. HP: 17/28 MP: 6/6
  1126 | D:2      | Noticed Jessica
  1154 | D:2      | Slain by Jessica

Levels and vault maps discovered:
D:1:      wander_arrival_estate, layout_basic, hangedman_feature_mirror
D:2:      layout_loops_ring, serial_undead, serial_undead_a, serial_undead_b,
          serial_undead_c, serial_undead_b, serial_undead_c, serial_undead_b,
          serial_undead_c, serial_undead_b, uniq_jessica, uniq_robin

Skill      XL: |  1  2 |
---------------+-------+-----
Dodging        | 3 |  3.4
Polearms       | 4 |  4.5
Fighting       | |  2.8
Armour         | |  0.6
Spellcasting   | |  2.0
Charms         | |  3.2

Action                   || total
-------------------------++-------
Melee: Spear             ||    84
Throw: Dart              ||     4
 Cast: Infusion          ||     2
  Use: Potion            ||     1
 Stab: Sleeping          ||     1
  Eat: Chunk             ||     1
Armor: Leather armour    ||    22
Dodge: Dodged            ||    45

Table legend:
 A = Non-vault XP
 B = Vault XP
 C = Vault XP percentage of total XP
 D = Non-vault monster count
 E = Vault monster count
 F = Vault count percentage of total count
                 A         B        C        D         E       F
            +---------+---------+-------+---------+---------+-------
      Total |      52 |       9 |  14.8 |      18 |       4 |  18.2
            +---------+---------+-------+---------+---------+-------
        D:1 |      47 |       7 |  13.0 |      15 |       2 |  11.8
        D:2 |       5 |       2 |  28.6 |       3 |       2 |  40.0
            +---------+---------+-------+---------+---------+-------
